 Dungeon Sprint DCSS version 0.30.1 (webtiles) character file.

Game seed: 16519745793353116979

54 boopmooplesden the Cruncher (level 7, -4/48 HPs)
             Began as a Gargoyle Gladiator on July 14, 2023.
             Was a Believer of Trog.
             Slain by an earth elemental (27 damage)
             ... in the Dungeon (Sprint VI: "Thunderdome").
             The game lasted 00:01:51 (444 turns).

boopmooplesden the Cruncher (Gargoyle Gladiator)     Turns: 444, Time: 00:01:51

Health: -4/48      AC:  9    Str: 25    XL:     7   Next: 46%
Magic:  7/7        EV: 14    Int:  9    God:    Trog [**....]
Gold:   145        SH:  0    Dex: 11    Spells: 6/6 levels left

rFire   + . .        a - +0 quarterstaff
rCold   x x .        (shield currently unavailable)
rNeg    + . .        b - +0 leather armour
rPois   ∞            c - +0 helmet
rElec   +            (no cloak)
rCorr   .            (no gloves)
SInv    +            (no boots)
Will    +++..        p - amulet "Hiothrici" {Will+ Regen+}
Stlth   +            r - ring "Xehon" {rPois rC- Str+6 SInv}
HPRegen 2.08/turn    q - ring "Myzyipob" {Fire Slay+3}
MPRegen 0.10/turn

%: no teleportation
@: strong-willed, on berserk cooldown, regenerating, slowed, very slow
A: sickness immunity, AC +4, negative energy resistance 1, electricity
resistance, torment resistance 1, petrification resistance
a: Renounce Religion, Berserk, Trog's Hand


You were in the Dungeon.
You worshipped Trog.
Trog was pleased with you.
You visited 1 branch You collected 280 gold pieces.
You spent 135 gold pieces at shops.

Inventory:

Hand Weapons
 a - a +0 quarterstaff (weapon)
Missiles
 d - 2 throwing nets (quivered)
 e - a javelin
Armour
 b - a +0 leather armour (worn)
 c - a +0 helmet (worn)
Jewellery
 p - the amulet "Hiothrici" (around neck) {Will+ Regen+}
   (You bought it in a shop in the Dungeon)

   [amulet of regeneration]

   Regen:     It increases your rate of health regeneration.
   Will:      It increases your willpower.
 q - the ring "Myzyipob" (right hand) {Fire Slay+3}
   (You bought it in a shop in the Dungeon)

   [ring of fire]

   It enhances your fire magic.
   Slay:      It affects your accuracy & damage with ranged weapons and melee
   (+3).
   rF:        It protects you from fire.
   rC:        It makes you vulnerable to cold.
 r - the ring "Xehon" (left hand) {rPois rC- Str+6 SInv}
   (You bought it in a shop in the Dungeon)

   [ring of strength]

   Str:       It affects your strength (+6).
   rC:        It makes you vulnerable to cold.
   rPois:     It protects you from poison.
   SInv:      It lets you see invisible.
Wands
 m - a wand of quicksilver (3)
 n - a wand of roots (5)
Scrolls
 k - 3 scrolls of blinking
 o - 3 scrolls of fog
Potions
 f - a potion of curing
 g - 4 potions of heal wounds
 h - 4 potions of haste
 i - 2 potions of magic
 j - a potion of berserk rage
 l - a potion of resistance


   Skills:
 + Level 7.0 Fighting
 + Level 11.1 Staves
 + Level 3.9 Throwing
 + Level 3.4 Armour
 + Level 7.2 Dodging
 + Level 1.6 Stealth


You had 6 spell levels left.
You didn't know any spells.
Your spell library was empty.

Dungeon Overview and Level Annotations

Branches:
Dungeon (1/1)

Altars:
Cheibriados
Dithmenos
Fedhas
Gozag
Kikubaaqudgha
Makhleb
Okawaru
Qazlal
Ru
Sif Muna
Trog
Uskayaw
Vehumet
Wu Jian
Xom
Yredelemnul
Zin
The Shining One
Lugonu

Shops:
D *[??*?*:[((!!!!


Innate Abilities, Weirdness & Mutations

You are immune to sickness and miasma.
Your stone body is resilient. (AC +4)
You are immune to poison.
You resist negative energy. (rN+)
You are resistant to electric shocks. (rElec)
You are resistant to unholy torment.
You are immune to petrification.


Message History

You hit the earth elemental.
You destroy the earth elemental!
Trog accepts your kill.
Your Fighting skill increases to level 7!
Your Staves skill increases to level 11!
Blink to where?
Press: ? - help, Dir - move target
As you read the scroll of blinking, it crumbles to dust.
Aiming: Quicksilver Bolt
Press: ? - help, Shift-Dir - straight line, f - earth elemental
Aim: an earth elemental (94% to hit)
The bolt of dispelling energy hits the earth elemental!
The earth elemental is moderately damaged.
Aiming: Quicksilver Bolt
Press: ? - help, Shift-Dir - straight line, f/p - earth elemental
Aim: an earth elemental (moderately damaged, 94% to hit)
The bolt of dispelling energy hits the earth elemental!
The earth elemental is heavily damaged.
Your skin crawls.
You feel strong-willed.
An iron imp comes into view.
You hit the earth elemental but do no damage.
The earth elemental is heavily damaged.
The earth elemental hits you!
You hit the earth elemental but do no damage.
The earth elemental is heavily damaged.
The earth elemental hits you!
You thump the earth elemental!
The earth elemental is severely damaged.
You hit the earth elemental but do no damage.
The earth elemental is severely damaged.
The earth elemental hits you.
You hit the earth elemental but do no damage.
The earth elemental is severely damaged.
The earth elemental hits you!
You hit the earth elemental.
The earth elemental is almost destroyed.
The earth elemental hits you!!
Ouch! That really hurt!
You die...

###∩........8.#
#.85.......∩###
##∩___......###......__.∩##
######.8.........8.######
#⌠...........⌠#
###.........### #_......._#
#_...E....# #_....E.._#
#∩...E@..∩# ##∩.....∩##
##.....## ##⌠⌠⌠## #####


You could see 3 earth elementals.

Vanquished Creatures
  A gargoyle (D)
  A phantom (D)
  An earth elemental (D)
  A wight (D)
  2 necrophages (D)
  A jelly (D)
  An adder zombie (D)
  4 endoplasms (D)
  A quokka skeleton (D)
13 creatures vanquished.

Notes
Turn   | Place    | Note
-------+----------+-------------------------------------------
     0 | D        | boopmooplesden the Gargoyle Gladiator began the quest for
                  | the Orb.
     0 | D        | Reached XP level 1. HP: 12/12 MP: 1/1
     3 | D        | Found an iron altar of Okawaru.
     3 | D        | Found a burning altar of Makhleb.
     4 | D        | Found a shadowy altar of Dithmenos.
     4 | D        | Found an opulent altar of Gozag.
     5 | D        | Found a glowing golden altar of the Shining One.
     5 | D        | Round 1.
     6 | D        | Found an ornate altar of the Wu Jian Council.
     6 | D        | Found a radiant altar of Vehumet.
     6 | D        | Found Lerues's Identification Station.
     7 | D        | Found Qyheung's Jewellery.
     7 | D        | Found Tenadap's Advanced Armour.
    21 | D        | Bought a coiled steel amulet for 45 gold pieces
    21 | D        | Identified the amulet "Hiothrici" {Will+ Regen+} (You
                  | bought it in a shop in the Dungeon)
    21 | D        | Bought a faintly glowing bronze ring for 45 gold pieces
    21 | D        | Identified the ring "Myzyipob" {Fire Slay+3} (You bought it
                  | in a shop in the Dungeon)
    21 | D        | Bought a translucent wooden ring for 45 gold pieces
    21 | D        | Identified the ring "Xehon" {rPois rC- Str+6 SInv} (You
                  | bought it in a shop in the Dungeon)
    31 | D        | Found an ancient bone altar of Kikubaaqudgha.
    32 | D        | Found a bloodstained altar of Trog.
    33 | D        | Found a shimmering altar of Xom.
    35 | D        | Found Kiuqop's Premium Goods.
    36 | D        | Found a stormy altar of Qazlal.
    36 | D        | Found a snail-covered altar of Cheibriados.
    36 | D        | Found Evowky's Weapon Rack.
    36 | D        | Found Kawahat's Miscellaneous Merchandise.
    36 | D        | Found Hiatet's Basic Armour.
    40 | D        | Found a corrupted altar of Lugonu.
    41 | D        | Found a glowing silver altar of Zin.
   135 | D        | Found Intoucu's Do-It-Yourself Clinic.
   135 | D        | Found a sacrificial altar of Ru.
   135 | D        | Found a blossoming altar of Fedhas.
   135 | D        | Found a hide-covered altar of Uskayaw.
   135 | D        | Found Asmogom's Distillery.
   136 | D        | Found Neluad's Bottled Wisdom.
   136 | D        | Found Zunu's Distillery.
   152 | D        | Found a shimmering blue altar of Sif Muna.
   153 | D        | Found a basalt altar of Yredelemnul.
   153 | D        | Found Siumiqad's Magic Scroll Shop.
   153 | D        | Found Onimeqio's Staff Store.
   153 | D        | Noticed a jelly
   154 | D        | Found Ciheitor's Magic Scroll Shop.
   154 | D        | Found Pesucuj's Must-Have Magic.
   164 | D        | Killed a jelly
   164 | D        | Arena points: 12 (+12) [x2]
   165 | D        | Reached skill level 5 in Staves
   165 | D        | Reached XP level 2. HP: 19/20 MP: 2/2
   165 | D        | Reached XP level 3. HP: 23/24 MP: 3/3
   203 | D        | Round 2.
   208 | D        | Noticed a necrophage
   214 | D        | Killed a necrophage
   215 | D        | Reached skill level 6 in Staves
   215 | D        | Reached XP level 4. HP: 29/29 MP: 4/4
   222 | D        | Noticed a phantom
   232 | D        | Became a worshipper of Trog the Wrathful
   238 | D        | Killed a phantom
   239 | D        | Reached skill level 7 in Staves
   239 | D        | Reached skill level 5 in Dodging
   239 | D        | Reached skill level 1 in Stealth
   239 | D        | Reached XP level 5. HP: 30/34 MP: 5/5
   286 | D        | Reached skill level 5 in Fighting
   286 | D        | Reached skill level 8 in Staves
   286 | D        | Reached skill level 1 in Armour
   323 | D        | Reached * piety under Trog
   324 | D        | Reached XP level 6. HP: 40/40 MP: 6/6
   336 | D        | Arena points: 54 (+42) [x3]
   398 | D        | Round 3.
   400 | D        | Noticed a gargoyle
   415 | D        | Killed a gargoyle
   415 | D        | Reached ** piety under Trog
   416 | D        | Reached skill level 10 in Staves
   416 | D        | Reached XP level 7. HP: 44/47 MP: 7/7
   430 | D        | Reached skill level 11 in Staves
   444 | D        | Slain by an earth elemental

Illustrated notes

Levels and vault maps discovered:
D:        arena_sprint

Skill      XL: |  1  2  3  4  5  6  7 |
---------------+----------------------+-----
Fighting       | 3 4 5 6 7 |  7.0
Staves         | 5 6 7 8 10 11 | 11.1
Throwing       | 2 3 |  3.9
Dodging        | 3 4 5 6 7 |  7.2
Stealth        | 1 |  1.6
Armour         | 1 3 |  3.4

Action                     |  1- 3 |  4- 6 |  7- 9 || total
---------------------------+-------+-------+-------++-------
  Melee: Quarterstaff      |    13 |    24 |    17 ||    54
  Throw: Throwing net      |       |     1 |       ||     1
 Invoke: Berserk           |       |     1 |       ||     1
         Trog's Hand       |       |       |     1 ||     1
  Evoke: Wand              |       |       |     2 ||     2
    Use: Scroll            |       |       |     1 ||     1
 Armour: Leather armour    |     1 |     8 |     2 ||    11
  Dodge: Dodged            |     7 |     7 |     3 ||    17
